[Event "Titled Tuesday Blitz May 2 Early 2023"]
[White "Siva Mahadevan"]
[Black "Soham Kamotra"]
[WhiteFideId "25043153"]
[BlackFideId "46647490"]
[WhiteElo "2249"]
[BlackElo "2209"]
[Result "1/2-1/2"]
[Round "06"]
[TimeControl "180+2"]
[Date "2023.05.02"]
[WhiteClock "0:00:11"]
[BlackClock "0:00:07"]

1. e4 c6 2. d4 d5 3. e5 Bf5 4. c4 e6 5. Nc3 Bb4 6. Qb3 Qa5 7. Bd2 dxc4 8. Bxc4 Ne7 9. Nf3 Nd7 10. O-O h6 11. a3 Bxc3 12. Bxc3 Qb6 13. Bb4 a5 14. Bd2 Qxb3 15. Bxb3 Be4 16. Rfc1 Nf5 17. Bc3 Bxf3 18. gxf3 Nb6 19. Bc2 g6 20. Be4 Nd5 21. Bd2 Kd7 22. Bxf5 exf5 23. Rc5 a4 24. Rac1 Ke6 25. Rb1 g5 26. Kf1 f4 27. Ke2 Rhd8 28. Kd3 Nc7 29. Ba5 Rd7 30. Bxc7 Rxc7 31. d5+ Kxe5 32. dxc6+ Kd6 33. cxb7 Rxb7 34. Kc4 Rab8 35. Rd1+ Ke7 36. h4 Rxb2 37. Re5+ Kf6 38. Rdd5 R8b3 39. hxg5+ hxg5 40. Rf5+ Ke7 41. Rde5+ Kd6 42. Rd5+ Ke7 43. Rxg5 Rc2+ 44. Kd4 Rxf3 45. Rde5+ Kf6 46. Rgf5+ Kg7 47. Re7 Rd2+ 48. Ke4 Re2+ 49. Kxf3 Rxe7 50. Rxf4 Ra7 51. Rb4 Kf6 52. Ke4 Kg5 53. Kd5 Rd7+ 54. Ke5 Re7+ 55. Kd6 Re6+ 56. Kd5 Rf6 57. Rxa4 Rxf2 58. Ra7 f5 59. Ke5 Re2+ 60. Kd4 Kf4 61. a4 Kf3 62. a5 Rd2+ 63. Kc3 Ra2 64. Kb3 Ra1 65. Kb2 Ra4 66. Kb3 Ra1 67. Kb2 Ra4 68. Kb3 Ra1 1/2-1/2


[Site "https://www.chess.com"]

[Event "Titled Tuesday Blitz May 2 Early 2023"]
[White "Xu, Yi"]
[Black "Dilanyan, Grigor"]
[WhiteFideId "8605564"]
[BlackFideId "13303570"]
[WhiteElo "2471"]
[BlackElo "2229"]
[Result "1/2-1/2"]
[Round "06"]
[TimeControl "180+2"]
[Date "2023.05.02"]
[WhiteClock "0:00:47"]
[BlackClock "0:00:27"]

1. b3 e5 2. Bb2 d6 3. e3 g6 4. d4 exd4 5. Qxd4 f6 6. Nc3 Nc6 7. Qc4 Ne5 8. Qe2 Bg7 9. f4 Nc6 10. Qc4 Nge7 11. O-O-O a6 12. Nd5 Nxd5 13. Qxd5 Qe7 14. e4 Be6 15. Qd2 O-O-O 16. Nf3 d5 17. e5 fxe5 18. Nxe5 Nxe5 19. fxe5 d4 20. Re1 h5 21. Kb1 Bh6 22. Qa5 Be3 23. Bd3 Rd5 24. Qa4 Rhd8 25. Be4 Bd7 26. Qc4 Rxe5 27. Bxg6 Bb5 28. Qf7 Qg5 29. h4 Qxg2 30. Bxh5 Be8 31. Qf3 Bc6 32. Qxg2 Bxg2 33. Rh2 Rxh5 34. Rxg2 Rxh4 35. Bc1 Bxc1 36. Kxc1 Rh7 37. Re6 Rhd7 38. Rgg6 c6 39. Kb2 Kc7 40. Rg4 Rd6 41. Re7+ R8d7 42. Re8 c5 43. Rge4 Kb6 44. a4 a5 45. R8e5 d3 46. cxd3 Rxd3 47. Re6+ R7d6 48. Rxd6+ Rxd6 49. Kc3 Rh6 50. Kc4 Kc6 51. Rf4 Rd6 52. Re4 b6 53. Rf4 Rg6 54. Re4 Kd6 55. Rf4 Kc6 56. Re4 Rg1 57. Re6+ Kc7 58. Kb5 Rb1 59. Rc6+ Kd7 60. Rxb6 Rxb3+ 61. Kxc5 Rxb6 62. Kxb6 Kc8 63. Kxa5 Kb7 64. Kb4 Ka7 65. a5 Ka8 66. a6 Ka7 67. Kb5 Ka8 68. Kb6 Kb8 69. a7+ Ka8 70. Ka6 1/2-1/2


[Site "https://www.chess.com"]

[Event "Titled Tuesday Blitz May 2 Early 2023"]
[White "Gharibyan, Mamikon"]
[Black "Tasev, Dejan"]
[WhiteFideId "13308300"]
[BlackFideId "936618"]
[WhiteElo "2445"]
[BlackElo "2244"]
[Result "1-0"]
[Round "06"]
[TimeControl "180+2"]
[Date "2023.05.02"]
[WhiteClock "0:01:35"]
[BlackClock "0:00:49"]

1. e4 e5 2. Nf3 Nc6 3. Bb5 a6 4. Ba4 Nf6 5. Bxc6 dxc6 6. d3 Nd7 7. Nbd2 f6 8. a4 Bd6 9. Nc4 Nf8 10. a5 Ne6 11. Be3 c5 12. c3 O-O 13. O-O Kh8 14. Re1 Bd7 15. Nxd6 cxd6 16. d4 cxd4 17. cxd4 exd4 18. Nxd4 Nxd4 19. Qxd4 Bc6 20. Bf4 d5 21. e5 fxe5 22. Bxe5 Rf7 23. Ra3 Kg8 24. Rg3 Qf8 25. Ree3 Re8 26. h4 Bd7 27. Bxg7 Rxg7 28. Rxg7+ Qxg7 29. Rg3 Qxg3 30. fxg3 Be6 31. h5 Re7 32. Qf6 1-0


[Site "https://www.chess.com"]

[Event "Titled Tuesday Blitz May 2 Early 2023"]
[White "Cherniaiev, Tykhon"]
[Black "Goncalves, Davi Sulzbacher"]
[WhiteFideId "14182360"]
[BlackFideId "2154510"]
[WhiteElo "2450"]
[BlackElo "2182"]
[Result "1/2-1/2"]
[Round "06"]
[TimeControl "180+2"]
[Date "2023.05.02"]
[WhiteClock "0:00:07"]
[BlackClock "0:00:19"]

1. Nf3 Nf6 2. d4 e6 3. c4 Bb4+ 4. Bd2 Qe7 5. g3 O-O 6. Bg2 Bxd2+ 7. Nbxd2 d6 8. O-O e5 9. dxe5 dxe5 10. Qc2 Nc6 11. Ne4 Bf5 12. Nxf6+ Qxf6 13. Qb3 e4 14. Nh4 Nd4 15. Qxb7 Nxe2+ 16. Kh1 Rab8 17. Qd5 Bg6 18. Nxg6 hxg6 19. Bxe4 Rxb2 20. Qc5 Nd4 21. Rad1 Ne6 22. Qxa7 c5 23. Qa3 Rxf2 24. Rxf2 Qxf2 25. Bd5 Rd8 26. Qa7 Rxd5 27. Qa8+ Rd8 28. Rxd8+ Nxd8 29. Qxd8+ Kh7 30. Qh4+ Kg8 31. Qd8+ Kh7 32. Qh4+ Kg8 33. Qd8+ 1/2-1/2


[Site "https://www.chess.com"]

[Event "Titled Tuesday Blitz May 2 Early 2023"]
[White "Srihari L R"]
[Black "Hnydiuk, Aleksander"]
[WhiteFideId "46617116"]
[BlackFideId "1109057"]
[WhiteElo "2334"]
[BlackElo "2374"]
[Result "1-0"]
[Round "06"]
[TimeControl "180+2"]
[Date "2023.05.02"]
[WhiteClock "0:01:53"]
[BlackClock "0:00:45"]

1. c4 b6 2. Nc3 Bb7 3. d4 e6 4. a3 f5 5. Nf3 Nf6 6. d5 Bd6 7. g3 O-O 8. Bg2 c6 9. dxe6 dxe6 10. O-O c5 11. Nb5 Be7 12. Qxd8 Bxd8 13. Rd1 a6 14. Nd6 Bc6 15. Ng5 Bxg2 16. Kxg2 Bc7 17. Nxe6 Bxd6 18. Nxf8 Bxf8 19. Rd8 Nfd7 20. Bf4 Kf7 21. Rd1 Be7 22. R1xd7 1-0


[Site "https://www.chess.com"]

[Event "Titled Tuesday Blitz May 2 Early 2023"]
[White "Matlakov, Maxim"]
[Black "Kleiman, Jake"]
[WhiteFideId "4168003"]
[BlackFideId "2020041"]
[WhiteElo "2666"]
[BlackElo "2399"]
[Result "1-0"]
[Round "06"]
[TimeControl "180+2"]
[Date "2023.05.02"]
[WhiteClock "0:01:11"]
[BlackClock "0:00:27"]

1. e4 e5 2. Nf3 Nc6 3. Bb5 a6 4. Ba4 Nf6 5. d3 b5 6. Bb3 Bc5 7. Bg5 O-O 8. c3 Be7 9. Nbd2 d6 10. Nf1 h6 11. Bh4 Nh5 12. Bg3 Nxg3 13. hxg3 Bf6 14. Ne3 Ne7 15. Qe2 c6 16. g4 Ng6 17. g3 Re8 18. Nf5 d5 19. O-O-O a5 20. Kb1 a4 21. Bc2 a3 22. b3 c5 23. exd5 Qxd5 24. Nd2 e4 25. Nxe4 Bxf5 26. gxf5 Qxf5 27. Rh5 Qe6 28. Rxc5 b4 29. f4 Bxc3 30. f5 Qb6 31. fxg6 Qxc5 32. gxf7+ Kh8 33. fxe8=Q+ Rxe8 34. d4 Qd5 35. Nxc3 1-0


[Site "https://www.chess.com"]

[Event "Titled Tuesday Blitz May 2 Early 2023"]
[White "Goltsev, Dmitry"]
[Black "Reprintsev, Alexander"]
[WhiteFideId "24176710"]
[BlackFideId "14100541"]
[WhiteElo "2336"]
[BlackElo "2211"]
[Result "1/2-1/2"]
[Round "06"]
[TimeControl "180+2"]
[Date "2023.05.02"]
[WhiteClock "0:00:48"]
[BlackClock "0:00:22"]

1. e4 d5 2. exd5 Qxd5 3. Nf3 Bg4 4. Be2 Nc6 5. Nc3 Qd7 6. h3 Bf5 7. d4 Nb4 8. O-O Nxc2 9. Ne5 Qxd4 10. Bb5+ c6 11. Nxc6 bxc6 12. Bxc6+ Bd7 13. Bxa8 Qxd1 14. Rxd1 Nxa1 15. Be3 Nc2 16. Bxa7 e6 17. a3 Nf6 18. Bf3 Be7 19. Rd2 Na1 20. Bd1 O-O 21. Bd4 Bc6 22. b4 Ra8 23. b5 Bb7 24. Na4 Ne4 25. Rd3 Bf6 26. Bxa1 Bxa1 27. Rd7 Bd5 28. Nb6 Rb8 29. Nxd5 exd5 30. Rxd5 Nc3 31. Rd7 Nxb5 32. a4 Nd4 33. a5 Kf8 34. a6 Ra8 35. a7 Nc6 36. Bf3 Rxa7 37. Bxc6 Rxd7 38. Bxd7 Bf6 39. Bg4 g6 40. Kf1 Kg7 41. Bd1 Bd8 42. Bb3 Be7 43. Ke2 Bd8 44. Kd3 Be7 45. Ke4 Bd8 46. Kd5 Be7 47. Kc6 Bf6 48. Kd7 Bd4 49. f3 f5 50. Ke6 Bc3 51. Bc2 Bb2 52. h4 h5 53. Bxf5 gxf5 54. Kxf5 Kh6 55. g4 hxg4 56. fxg4 Bc1 57. g5+ Kh5 58. g6 Bb2 59. g7 Bxg7 60. Ke6 Kxh4 1/2-1/2


[Site "https://www.chess.com"]

[Event "Titled Tuesday Blitz May 2 Early 2023"]
[White "Jovic, Stanoje"]
[Black "Molina, Roberto Junio Brito"]
[WhiteFideId "905020"]
[BlackFideId "2109450"]
[WhiteElo "2236"]
[BlackElo "2376"]
[Result "1-0"]
[Round "06"]
[TimeControl "180+2"]
[Date "2023.05.02"]
[WhiteClock "0:00:22"]
[BlackClock "0:00:12"]

1. c4 c6 2. e4 d5 3. exd5 cxd5 4. cxd5 Nf6 5. Qa4+ Nbd7 6. Bc4 g6 7. d3 Bg7 8. Nc3 O-O 9. Nf3 a6 10. Qa3 b6 11. O-O Bb7 12. Re1 b5 13. Bb3 Re8 14. Bg5 Nb6 15. d6 Qxd6 16. Qxd6 exd6 17. Rxe8+ Rxe8 18. Re1 Rxe1+ 19. Nxe1 b4 20. Na4 Nfd7 21. Be7 Bf8 22. Bxf8 Kxf8 23. Nxb6 Nxb6 24. Kf1 Ke7 25. Ke2 a5 26. Ke3 Nd5+ 27. Bxd5 Bxd5 28. a3 bxa3 29. bxa3 Kd7 30. Kd4 Kc6 31. g3 Be6 32. Nc2 Kb5 33. Kc3 Kc5 34. d4+ Kd5 35. f3 Bd7 36. Ne3+ Kc6 37. Nc4 a4 38. Kb4 Be6 39. Ne3 Bb3 40. f4 h5 41. h4 Kd7 42. f5 gxf5 43. Nxf5 Bd1 44. Ne3 Bb3 45. Ng2 Bd1 46. Ne3 Bb3 47. Nc4 Ke6 48. Nb6 Bd1 49. Nxa4 Kf5 50. Nc3 Bc2 51. a4 Kg4 52. a5 Bd3 53. Nb5 Kxg3 54. a6 Be4 55. Nxd6 Bd5 56. Kc5 Ba8 57. Nxf7 Kxh4 58. d5 Kg4 59. d6 h4 60. d7 h3 61. d8=Q h2 62. Qg5+ Kh3 63. Qh5+ Kg3 64. Qe5+ Kh3 65. Ng5+ Kg2 66. Qe2+ Kg3 67. Ne4+ Kh3 68. Nf2+ Kg2 69. Ng4+ 1-0


[Site "https://www.chess.com"]

[Event "Titled Tuesday Blitz May 2 Early 2023"]
[White "Ilamparthi A R"]
[Black "Mortazavi, Ali"]
[WhiteFideId "45015775"]
[BlackFideId "401323"]
[WhiteElo "2348"]
[BlackElo "2339"]
[Result "1/2-1/2"]
[Round "06"]
[TimeControl "180+2"]
[Date "2023.05.02"]
[WhiteClock "0:00:40"]
[BlackClock "0:00:37"]

1. e4 c6 2. d3 d5 3. Nd2 g6 4. Ngf3 Bg7 5. g3 e5 6. Bg2 Ne7 7. O-O O-O 8. Re1 d4 9. Nc4 b5 10. a4 bxc4 11. dxc4 c5 12. Bd2 Nbc6 13. c3 a5 14. Rf1 Rb8 15. Qc2 Ba6 16. Rfd1 Bxc4 17. b4 d3 18. Qc1 cxb4 19. cxb4 Bb3 20. b5 Nd4 21. Nxd4 Bxd1 22. Ne6 fxe6 23. Qxd1 Qd7 24. Bxa5 Rfc8 25. Qb3 d2 26. Rd1 Rc1 27. Bh3 Kh8 28. Kg2 Rxd1 29. Qxd1 Qd4 30. Qxd2 Qxe4+ 31. Kg1 Qxa4 32. Bc7 Rf8 33. b6 Qa1+ 34. Kg2 Nd5 35. Bxe6 Nxc7 36. bxc7 Qa8+ 37. Kg1 Qc6 38. Qd7 Qf3 39. Qd2 Qc6 40. Qd7 Qc2 41. Bf7 e4 42. Qe7 e3 43. fxe3 Qc1+ 44. Kg2 Qc2+ 45. Kg1 Qb1+ 46. Kg2 Qb2+ 47. Kh3 Qe5 48. Qxf8+ Bxf8 49. c8=Q Qf5+ 50. Qxf5 gxf5 51. Be6 Bc5 52. Bxf5 Bxe3 53. Kg4 Kg7 54. h4 h6 55. Be4 Bd2 56. Kf3 Bc1 57. g4 Bd2 58. Kg2 Be1 59. Kh3 Bd2 60. Bd3 Be1 61. Bc2 Bd2 62. Bb3 Be1 63. Ba2 Bd2 64. Bb1 Be1 65. Bf5 Bd2 66. Kg2 Be1 67. Kh3 Bd2 68. Be4 Be1 69. Bf3 Bd2 70. h5 Bg5 71. Kg2 Kf6 72. Kf1 Bh4 73. Ke2 Bg5 74. Be4 Bh4 75. Bb1 Bg5 76. Bf5 Bh4 77. Kd3 Bg5 78. Kc3 Bh4 79. Kc2 Bg5 80. Kb3 Bh4 81. Kb4 Bg5 82. Ka5 Bh4 83. Kb5 Bg5 84. Kb6 Bh4 85. Kc7 Bg5 86. Kd7 Bh4 87. Ke8 Bg5 88. Kf8 Bh4 89. Kg8 Bg5 90. Kh7 Bf4 91. Bg6 Bg5 92. Bf5 Bf4 93. Kh8 Bg5 94. Kh7 1/2-1/2


[Site "https://www.chess.com"]

[Event "Titled Tuesday Blitz May 2 Early 2023"]
[White "Shohat, Yotam"]
[Black "Bacallao Alonso, Yusnel"]
[WhiteFideId "2813955"]
[BlackFideId "3507416"]
[WhiteElo "2226"]
[BlackElo "2561"]
[Result "0-1"]
[Round "06"]
[TimeControl "180+2"]
[Date "2023.05.02"]
[WhiteClock "0:00:04"]
[BlackClock "0:00:24"]

1. e4 c6 2. c4 d5 3. cxd5 cxd5 4. exd5 Nf6 5. Nc3 Nxd5 6. Nf3 Nc6 7. Bc4 Nb6 8. Bb3 g6 9. d4 Bg7 10. d5 Na5 11. Be3 Nxb3 12. axb3 O-O 13. O-O Bf5 14. Bd4 Bh6 15. Nh4 Bd7 16. Nf3 Nc8 17. Re1 Re8 18. Ne4 Bf5 19. Bc3 Bxe4 20. Rxe4 Nd6 21. Qd4 f6 22. Re6 Nb5 23. Qd3 Nc7 24. Rae1 Qxd5 25. Qxd5 Nxd5 26. g3 Kf7 27. Nd4 Rac8 28. f4 a6 29. Bd2 Red8 30. Nf3 Bf8 31. R6e2 Nc7 32. Bc3 Nb5 33. Bb4 Rd7 34. Nd2 Nd4 35. Re4 Nc2 36. Bc3 Rxc3 37. bxc3 Nxe1 38. Nc4 Nf3+ 39. Kf2 Nd2 0-1


[Site "https://www.chess.com"]

[Event "Titled Tuesday Blitz May 2 Early 2023"]
[White "Demin, Vladimir"]
[Black "Tanenbaum, Zachary"]
[WhiteFideId "4167457"]
[BlackFideId "2060850"]
[WhiteElo "2430"]
[BlackElo "2175"]
[Result "0-1"]
[Round "06"]
[TimeControl "180+2"]
[Date "2023.05.02"]
[WhiteClock "0:00:53"]
[BlackClock "0:01:13"]

1. d4 d5 2. Nc3 Nf6 3. Bf4 a6 4. e3 Bf5 5. f3 e6 6. g4 Bg6 7. h4 h5 8. g5 Nfd7 9. Bd3 Bxd3 10. Qxd3 g6 11. O-O-O Bg7 12. e4 c6 13. Bd6 Nb6 14. Bc5 N8d7 15. Bd6 Nc4 16. Bf4 O-O 17. b3 Na3 18. Bd6 Qa5 19. Kb2 c5 20. Bxf8 Rxf8 21. Nge2 cxd4 22. Nxd4 Nc5 23. Qd2 Qb4 24. Kc1 Rc8 25. exd5 Nxb3+ 26. axb3 Rxc3 27. Rh2 Nxc2 28. Nxc2 Qa3+ 29. Kb1 Rxb3# 0-1


[Site "https://www.chess.com"]

[Event "Titled Tuesday Blitz May 2 Early 2023"]
[White "Papasimakopoulos, Alexandros"]
[Black "Krsnik Cohar, Ivan Vihor"]
[WhiteFideId "4244125"]
[BlackFideId "14520044"]
[WhiteElo "2359"]
[BlackElo "2414"]
[Result "1-0"]
[Round "06"]
[TimeControl "180+2"]
[Date "2023.05.02"]
[WhiteClock "0:00:20"]
[BlackClock "0:00:02"]

1. d4 Nf6 2. c4 e6 3. Nc3 d5 4. cxd5 exd5 5. Bg5 Be7 6. e3 O-O 7. Bd3 h6 8. Bh4 c5 9. dxc5 Nc6 10. Nf3 Bxc5 11. O-O Be6 12. Rc1 Be7 13. Bb1 Qb6 14. Qc2 Nb4 15. Qe2 Rfd8 16. a3 Na6 17. Qc2 Nc5 18. Bxf6 Bxf6 19. Qh7+ Kf8 20. b4 Nd7 21. Rfd1 Ne5 22. Nxe5 Bxe5 23. Ne2 Rac8 24. Rxc8 Rxc8 25. Bf5 Qa6 26. Ng3 Bxg3 27. hxg3 Qa4 28. Rf1 Rc6 29. Bxe6 Rxe6 30. Qh8+ Ke7 31. Qxg7 Qxa3 32. Qd4 Qb3 33. Rc1 Rc6 34. Rxc6 bxc6 35. Qxa7+ Ke6 36. Qd4 Qc4 37. Qxc4 dxc4 38. Kf1 Kd5 39. Ke2 c3 40. Kd3 c2 41. Kxc2 Kc4 42. e4 Kxb4 43. e5 Kc4 44. f4 h5 45. Kd2 Kd4 46. Kc2 1-0


[Site "https://www.chess.com"]

[Event "Titled Tuesday Blitz May 2 Early 2023"]
[White "Alinasab, Mobina"]
[Black "Preotu, Razvan"]
[WhiteFideId "12528897"]
[BlackFideId "2613280"]
[WhiteElo "2149"]
[BlackElo "2407"]
[Result "1-0"]
[Round "06"]
[TimeControl "180+2"]
[Date "2023.05.02"]
[WhiteClock "0:00:10"]
[BlackClock "0:00:02"]

1. Nf3 c5 2. e4 d6 3. d4 cxd4 4. Nxd4 Nf6 5. Nc3 a6 6. h3 e5 7. Nde2 h5 8. Bg5 Be6 9. Bxf6 Qxf6 10. Nd5 Qd8 11. Qd3 Nd7 12. O-O-O g6 13. Kb1 Nc5 14. Qa3 Bg7 15. g3 O-O 16. Bg2 b5 17. f4 Bxd5 18. Rxd5 exf4 19. gxf4 b4 20. Qe3 Qe7 21. e5 Nb7 22. Qd2 Rad8 23. Qxb4 Rfe8 24. Rhd1 a5 25. Qa3 Qh4 26. Qb3 Nc5 27. Qg3 Qxg3 28. Nxg3 Ne6 29. Rxd6 Rxd6 30. exd6 Nxf4 31. Bc6 Rd8 32. d7 Nxh3 33. Ne4 Nf4 34. Nc5 Bf6 35. Nb7 Ne6 36. Nxd8 Bxd8 37. Bd5 Kf8 38. Bxe6 fxe6 39. c4 g5 40. c5 Ke7 41. c6 g4 42. Kc2 g3 43. Kd3 Bb6 44. Ke2 g2 45. d8=Q+ Bxd8 46. Kf2 Bb6+ 47. Kxg2 e5 48. Rd7+ Ke6 49. Kf3 h4 50. Ke4 h3 51. Rh7 Kd6 52. Rh6+ Kc7 53. Kd5 Bd4 54. Rxh3 Bxb2 55. Rh7+ Kb6 56. Rb7+ Ka6 57. Rxb2 1-0


[Site "https://www.chess.com"]

[Event "Titled Tuesday Blitz May 2 Early 2023"]
[White "Kvaloy, Aksel Bu"]
[Black "Jaskolka, Tomasz"]
[WhiteFideId "1528815"]
[BlackFideId "1170791"]
[WhiteElo "2208"]
[BlackElo "2155"]
[Result "1-0"]
[Round "06"]
[TimeControl "180+2"]
[Date "2023.05.02"]
[WhiteClock "0:02:03"]
[BlackClock "0:01:50"]

1. e4 c5 2. Nf3 e6 3. d4 cxd4 4. Nxd4 Nc6 5. Nc3 Qc7 6. Be3 a6 7. g4 Nge7 8. Qd2 Nxd4 9. Bxd4 Nc6 10. Be3 b5 11. Bf4 d6 12. O-O-O e5 13. Nd5 Qd8 14. Be3 Rb8 15. f4 Bxg4 16. Be2 Bxe2 17. Qxe2 exf4 18. Bxf4 Ne5 19. Bxe5 dxe5 20. Rhf1 Qa5 21. Qh5 Rb7 22. Qxe5+ Be7 23. Nxe7 Rxe7 24. Qb8+ Qd8 25. Qxd8# 1-0


[Site "https://www.chess.com"]

[Event "Titled Tuesday Blitz May 2 Early 2023"]
[White "Karamsetty, Jeevan"]
[Black "Lavrik, Dmitry"]
[WhiteFideId "2025337"]
[BlackFideId "24113190"]
[WhiteElo "2111"]
[BlackElo "2345"]
[Result "1-0"]
[Round "06"]
[TimeControl "180+2"]
[Date "2023.05.02"]
[WhiteClock "0:01:04"]
[BlackClock "0:00:56"]

1. e4 c5 2. Nc3 d6 3. f4 g6 4. Nf3 Bg7 5. Bb5+ Bd7 6. Bc4 e6 7. O-O Ne7 8. d3 Nbc6 9. f5 gxf5 10. Bg5 f6 11. Bf4 Ne5 12. Nxe5 dxe5 13. Qh5+ Ng6 14. Be3 Qe7 15. exf5 exf5 16. Nd5 Qd6 17. Rxf5 b5 18. Bb3 Bxf5 19. Qxf5 c4 20. dxc4 bxc4 21. Bxc4 O-O 22. Ne7+ Kh8 23. Nxg6+ hxg6 24. Qh3+ 1-0


[Site "https://www.chess.com"]

[Event "Titled Tuesday Blitz May 2 Early 2023"]
[White "Karttunen, Mika"]
[Black "Bolourchifard, Farzad"]
[WhiteFideId "502081"]
[BlackFideId "12510084"]
[WhiteElo "2396"]
[BlackElo "2317"]
[Result "0-1"]
[Round "06"]
[TimeControl "180+2"]
[Date "2023.05.02"]
[WhiteClock "0:00:05"]
[BlackClock "0:00:30"]

1. e4 e5 2. Nf3 Nc6 3. Bb5 a6 4. Ba4 Nf6 5. O-O b5 6. Bb3 Bc5 7. c3 d6 8. d4 Bb6 9. a4 Bb7 10. Bg5 h6 11. Bh4 g5 12. Bxg5 hxg5 13. Nxg5 Rf8 14. f4 exd4 15. Kh1 Na5 16. Bc2 Nc4 17. Re1 Ne3 18. Qd2 Nxc2 19. Qxc2 d3 20. Qxd3 Ng4 21. Re2 Qf6 22. Qf3 Ne5 23. Qg3 Ng6 24. Nh7 Qxf4 25. Qxf4 Nxf4 26. Rd2 Rh8 27. Ng5 f6 28. Nf3 O-O-O 29. axb5 axb5 30. Na3 Bxe4 31. Nxb5 Kb7 32. Nbd4 Ra8 33. Re1 Bxf3 34. Nxf3 Nh5 35. g4 Nf4 36. b4 Ng6 37. Kg2 Ne5 38. Nxe5 dxe5 39. h3 Rhg8 40. Rf1 Ra3 41. Rc2 Rg6 42. Rf5 Be3 43. Kf3 Bf4 44. h4 Rh6 45. h5 Bg5 46. Ke4 Rh8 47. Kd5 Rd8+ 48. Kc4 Rd1 49. Rf3 Rg1 50. Rh3 Rxg4+ 51. Kd5 Ra8 52. h6 Rh8 53. h7 Rh4 54. Rxh4 Bxh4 55. Rh2 Rxh7 56. c4 Rd7+ 57. Ke6 Rd6+ 0-1


[Site "https://www.chess.com"]

[Event "Titled Tuesday Blitz May 2 Early 2023"]
[White "Kubicka, Anna"]
[Black "Colas, Joshua"]
[WhiteFideId "1152254"]
[BlackFideId "2044447"]
[WhiteElo "2144"]
[BlackElo "2347"]
[Result "0-1"]
[Round "06"]
[TimeControl "180+2"]
[Date "2023.05.02"]
[WhiteClock "0:00:02"]
[BlackClock "0:00:22"]

1. e4 c5 2. Ne2 Nf6 3. Nec3 d5 4. exd5 Nxd5 5. Be2 Nc6 6. O-O g6 7. Nxd5 Qxd5 8. Bf3 Qd7 9. Nc3 Bg7 10. d3 O-O 11. Be3 b6 12. Qd2 Re8 13. Bh6 Bh8 14. Rae1 Bb7 15. Be4 Rad8 16. f4 Nd4 17. f5 Bxe4 18. dxe4 Nf3+ 19. Rxf3 Qxd2 20. Bxd2 Rxd2 21. e5 Rxc2 22. fxg6 hxg6 23. Rf2 Rxf2 24. Kxf2 Rd8 25. Re2 a6 26. Na4 Rd5 27. Nxb6 Rxe5 28. b3 Rf5+ 29. Kg3 Be5+ 30. Kg4 e6 31. g3 Bd4 32. Nc4 Kg7 33. Nd6 Rf1 34. Ne8+ Kf8 35. Nc7 Ke7 36. Nxa6 f5+ 37. Kh3 Kd6 38. b4 c4 39. Rc2 c3 40. Nc5 g5 41. Na4 g4+ 42. Kh4 Rf3 43. b5 Kc7 44. b6+ Kb7 45. Kg5 e5 46. Re2 Be3+ 47. Kg6 Bd2 48. Kf6 c2 49. Rxd2 c1=Q 50. Rd7+ Kb8 51. b7 Qc6+ 52. Ke7 Qxa4 0-1


[Site "https://www.chess.com"]

[Event "Titled Tuesday Blitz May 2 Early 2023"]
[White "Aldokhin, Ivan"]
[Black "Vlassov, Nikolai"]
[WhiteFideId "24115720"]
[BlackFideId "4103360"]
[WhiteElo "2322"]
[BlackElo "2324"]
[Result "1/2-1/2"]
[Round "06"]
[TimeControl "180+2"]
[Date "2023.05.02"]
[WhiteClock "0:00:04"]
[BlackClock "0:00:31"]

1. e4 c5 2. Nf3 d6 3. d4 cxd4 4. Nxd4 Nf6 5. Nc3 g6 6. Bc4 Bg7 7. Bb3 O-O 8. h3 Nbd7 9. O-O Nc5 10. Re1 Nxb3 11. axb3 a6 12. Bg5 h6 13. Bh4 e5 14. Ndb5 g5 15. Bg3 Ne8 16. Na3 Be6 17. Nc4 Rc8 18. Ne3 Nf6 19. Qf3 Qc7 20. Rad1 Rfd8 21. Ncd5 Nxd5 22. exd5 Bd7 23. c4 b5 24. Rc1 bxc4 25. bxc4 Qb6 26. h4 Qxb2 27. hxg5 hxg5 28. Nf5 Bxf5 29. Qxf5 Qb4 30. Qxg5 f6 31. Qg4 Rc7 32. Re4 Rdc8 33. c5 Qb2 34. Rec4 Rxc5 35. Qxc8+ Rxc8 36. Rxc8+ Kh7 37. R1c7 Qb1+ 38. Kh2 Qf5 39. Rb8 Qh5+ 40. Kg1 Qd1+ 41. Kh2 Qh5+ 42. Kg1 Qd1+ 43. Kh2 Qh5+ 1/2-1/2


[Site "https://www.chess.com"]

[Event "Titled Tuesday Blitz May 2 Early 2023"]
[White "Kucuksari, Kaan"]
[Black "Erzhanov, Arman"]
[WhiteFideId "6380166"]
[BlackFideId "4138821"]
[WhiteElo "2364"]
[BlackElo "2138"]
[Result "1-0"]
[Round "06"]
[TimeControl "180+2"]
[Date "2023.05.02"]
[WhiteClock "0:00:08"]
[BlackClock "0:00:23"]

1. e4 d6 2. Nf3 Nf6 3. Nc3 e5 4. d4 Nbd7 5. Bc4 Be7 6. O-O O-O 7. a4 a5 8. Re1 c6 9. h3 Nb6 10. Bf1 exd4 11. Nxd4 d5 12. e5 Ne8 13. Bd3 g6 14. Bh6 Ng7 15. f4 Re8 16. Bxg7 Kxg7 17. Kh1 f5 18. g4 Bc5 19. Nxf5+ gxf5 20. gxf5 Qh4 21. Qg4+ Qxg4 22. hxg4 Nd7 23. g5 Nf8 24. f6+ Kf7 25. Kg2 Ng6 26. Kf3 Nh4+ 27. Kg3 Nf5+ 28. Kf3 Nd4+ 29. Kg3 Bf5 30. Rh1 Rh8 31. Rae1 Ke6 32. Rh6 Rag8 33. f7+ Rg6 34. Rxh7 Rf8 35. Reh1 Bxd3 36. cxd3 Rxf7 37. Rxf7 Kxf7 38. Kg4 Ne6 39. Rh7+ Rg7 40. Rxg7+ Nxg7 41. Ne2 Ke6 42. d4 Bb6 43. f5+ Nxf5 44. Nf4+ Ke7 45. Kxf5 Bxd4 46. Nd3 b5 47. g6 bxa4 48. e6 c5 49. Ne5 Kf8 50. e7+ Kxe7 51. g7 Bxe5 52. g8=Q Bxb2 53. Qxd5 Bd4 54. Qe6+ Kd8 55. Qd6+ Kc8 56. Qc6+ Kb8 57. Qxa4 Kc7 58. Ke6 Kb6 59. Kd7 Bg1 60. Qc6+ Ka7 61. Kc8 1-0


[Site "https://www.chess.com"]

[Event "Titled Tuesday Blitz May 2 Early 2023"]
[White "Mrudul Dehankar"]
[Black "Girish, A. Koushik"]
[WhiteFideId "25096990"]
[BlackFideId "5038448"]
[WhiteElo "2139"]
[BlackElo "2398"]
[Result "1-0"]
[Round "06"]
[TimeControl "180+2"]
[Date "2023.05.02"]
[WhiteClock "0:02:12"]
[BlackClock "0:02:40"]

1. e4 e5 2. Nf3 Nc6 3. Bb5 a6 4. Ba4 d6 5. c3 Bd7 6. O-O g6 7. d4 Bg7 8. Re1 b5 9. Bc2 Nf6 10. a4 O-O 11. Nbd2 Rb8 12. h3 Re8 13. axb5 a5 14. bxc6 1-0


[Site "https://www.chess.com"]

[Event "Titled Tuesday Blitz May 2 Early 2023"]
[White "Chernomordik, Pavel"]
[Black "Riff, Vincent"]
[WhiteFideId "2804530"]
[BlackFideId "617776"]
[WhiteElo "2193"]
[BlackElo "2369"]
[Result "1-0"]
[Round "06"]
[TimeControl "180+2"]
[Date "2023.05.02"]
[WhiteClock "0:00:41"]
[BlackClock "0:01:42"]

1. e4 c5 2. Nc3 Nc6 3. Bb5 Nd4 4. Bc4 e6 5. Nge2 a6 6. Nxd4 cxd4 7. Ne2 Qg5 8. O-O Bc5 9. d3 Qg6 10. f4 f5 11. Ng3 Ne7 12. exf5 Nxf5 13. Qf3 O-O 14. Bb3 Rb8 15. Ne4 Be7 16. Bd2 b5 17. Rae1 Bb7 18. Qh3 Bc6 19. Ng5 h6 20. Nxe6 Ne3 21. Nxf8+ Kxf8 22. Bxe3 dxe3 23. f5 Qf6 24. c3 Re8 25. d4 Be4 26. Rxe3 d5 27. Qg4 Bd6 28. Qg6 Qh4 29. Qxd6+ Kg8 30. Bxd5+ Kh7 1-0


[Site "https://www.chess.com"]

[Event "Titled Tuesday Blitz May 2 Early 2023"]
[White "Andreev, Konstantin"]
[Black "Dimitrov, Atanas"]
[WhiteFideId "24239305"]
[BlackFideId "2901315"]
[WhiteElo "2106"]
[BlackElo "2269"]
[Result "1/2-1/2"]
[Round "06"]
[TimeControl "180+2"]
[Date "2023.05.02"]
[WhiteClock "0:01:42"]
[BlackClock "0:00:40"]

1. e4 c5 2. Nf3 d6 3. d4 cxd4 4. Nxd4 Nf6 5. Nc3 g6 6. Be3 Bg7 7. Bc4 Nc6 8. f3 Ne5 9. Bb3 Bd7 10. Qd2 O-O 11. O-O-O Rc8 12. Kb1 Nc4 13. Bxc4 Rxc4 14. h4 h5 15. g4 hxg4 16. h5 Nxh5 17. Rdg1 g3 18. Rxh5 gxh5 19. Rxg3 Kh7 20. Qh2 Rh8 21. Qxh5+ Kg8 22. Bh6 Rh7 23. Rxg7+ Rxg7 24. Bxg7 Kxg7 25. Qg5+ Kh7 26. Qh5+ Kg7 27. Qg5+ Kh7 28. Qh5+ Kg7 1/2-1/2


[Site "https://www.chess.com"]